 Dungeon Crawl Stone Soup version 0.27-a0-1189-gb8eb6cee8e (webtiles) character file.

Game seed: 5662858148375049584

63919 flotson the Covert (level 15, 0/119 HPs)
             Began as a Gnoll Delver on May 21, 2021.
             Was an Elder of Okawaru.
             Slain by a white very ugly thing (37 damage)
             ... on level 1 of the Abyss on May 23, 2021.
             The game lasted 00:51:33 (25603 turns).

flotson the Covert (Gnoll Delver)                  Turns: 25603, Time: 00:51:34

Health: 0/119      AC: 36    Str: 28      XL:     15   Next: 11%
Magic:  0/28       EV: 17    Int: 13 (15) God:    Okawaru [****..]
Gold:   1990       SH:  0    Dex: 16      Spells: 15/33 levels left

rFire    . . .     SeeInvis +   a - +6 battleaxe "Meger" {protect, rPois Int+5 Dex+2 SInv}
rCold    . . .     Faith    .   (shield currently unavailable)
rNeg     . . .     Spirit   +   j - +6 chain mail "Rayfafio" {+Blink Str+5}
rPois    +         Reflect  .   x - +2 helmet
rElec    .         Harm     .   o - +0 cloak
rCorr    .         Rampage  +   k - +0 pair of gloves
Will     ++...                  T - +1 pair of boots {rampage}
Stlth    ++++......             L - amulet of guardian spirit
HPRegen  0.29/turn              C - +6 ring of strength
MPRegen  0.21/turn              U - ring of willpower

@: heroic, under a protective aura
A: fangs 1, strong nose, distributed training
a: Renounce Religion, Evoke Blink, Heroism


You were on level 1 of the Abyss.
You worshipped Okawaru.
Okawaru was greatly pleased with you.
You visited 4 branches of the dungeon, and saw 20 of its levels.
You visited the Abyss 1 time.
You also visited: Volcano.

You collected 1990 gold pieces.

Inventory:

Hand Weapons
 a - the +6 battleaxe "Meger" (weapon) {protect, rPois Int+5 Dex+2 SInv}
   (You found it on level 10 of the Dungeon)

   It grants its wielder temporary protection when it strikes (+7 to AC).
   It affects your intelligence (+5).
   It affects your dexterity (+2).
   It protects you from poison.
   It lets you see invisible.
 b - a +4 shortbow of flaming
Missiles
 i - 68 poisoned darts (quivered)
 w - 331 arrows
 A - 4 silver boomerangs
 P - a curare-tipped dart
 Q - 20 boomerangs
 Y - 2 throwing nets
Armour
 j - the +6 chain mail "Rayfafio" (worn) {+Blink Str+5}
   (You found it on level 6 of the Lair of Beasts)

   It affects your strength (+5).
   It lets you blink.
 k - a +0 pair of gloves (worn)
 o - a +0 cloak (worn)
 x - a +2 helmet (worn)
 E - a scarf of invisibility
 T - a +1 pair of boots of rampaging (worn)
Jewellery
 m - a ring of protection from fire
 C - a +6 ring of strength (left hand)
 L - an amulet of guardian spirit (around neck)
 U - a ring of willpower (right hand)
Wands
 g - a wand of digging (7)
 y - a wand of mindburst (12)
 D - a wand of acid (4)
 V - a wand of paralysis (8)
 X - a wand of iceblast (7)
Scrolls
 d - 4 scrolls of magic mapping
 e - 3 scrolls of fear
 l - 5 scrolls of teleportation
 n - 2 scrolls of torment {unknown}
 v - 4 scrolls of enchant armour
 B - a scroll of vulnerability {unknown}
 G - 2 scrolls of immolation {unknown}
 J - a scroll of silence {unknown}
 M - a scroll of brand weapon {unknown}
 N - a scroll of summoning {unknown}
 O - 3 scrolls of enchant weapon
 R - 3 scrolls of blinking
 S - a scroll of holy word {unknown}
 W - 2 scrolls of noise {unknown}
Potions
 f - 4 potions of lignification
 p - 3 potions of might
 q - a potion of mutation
 r - 10 potions of curing
 s - 6 potions of attraction
 t - 3 potions of resistance
 u - a potion of flight
 H - 2 potions of cancellation
 I - a potion of invisibility
 K - 3 potions of haste
 Z - 4 potions of berserk rage
Miscellaneous
 F - a tin of tremorstones (2/2)


   Skills:
 + Level 11.6(16.6) Fighting
 + Level 9.8(14.8) Short Blades
 + Level 9.8(14.8) Long Blades
 + Level 9.8(14.8) Axes
 + Level 9.8(14.8) Maces & Flails
 + Level 10.7(15.7) Polearms
 + Level 9.8(14.8) Staves
 + Level 9.8(14.8) Slings
 + Level 9.8(14.8) Bows
 + Level 9.8(14.8) Crossbows
 + Level 9.8(14.8) Throwing
 + Level 9.8(14.8) Armour
 + Level 10.7(15.7) Dodging
 + Level 13.1(18.1) Stealth
 + Level 9.8(14.8) Shields
 + Level 9.8(14.8) Unarmed Combat
 + Level 9.8 Spellcasting
 + Level 8.2 Conjurations
 + Level 8.2 Hexes
 + Level 8.2 Summonings
 + Level 8.2 Necromancy
 + Level 8.2 Translocations
 + Level 8.2 Transmutations
 + Level 8.2 Fire Magic
 + Level 8.2 Ice Magic
 + Level 8.2 Air Magic
 + Level 8.2 Earth Magic
 + Level 8.2 Poison Magic
 + Level 10.6 Invocations
 + Level 9.8 Evocations


You had 15 spell levels left.
You knew the following spells:

 Your Spells              Type           Power      Damage    Failure   Level
a - Ensorcelled Hibernat  Hex/Ice        54%        N/A       1%          2
b - Mephitic Cloud        Conj/Pois/Air  27%        N/A       4%          3
c - Airstrike             Air            13%        N/A       13%         4
d - Confusing Touch       Hex            27%        N/A       4%          3
e - Blink                 Tloc           N/A        N/A       1%          2
f - Swiftness             Air            27%        N/A       4%          3
g - Summon Small Mammal   Summ           100%       N/A       1%          1

Your spell library contained the following spells:

 Spells                   Type           Power      Damage    Failure   Level
 Corona                   Hex            30%        N/A       1%          1
 Magic Dart               Conj           100%       1d8       1%          1
 Shock                    Conj/Air       100%       1d9       1%          1
 Call Imp                 Summ           27%        N/A       1%          2
 Corpse Rot               Necr/Air       N/A        N/A       1%          2
 Passwall                 Tmut/Erth      22%        N/A       1%          2
 Slow                     Hex            27%        N/A       1%          2
 Static Discharge         Conj/Air       27%        N/A       1%          2
 Sublimation of Blood     Necr           13%        N/A       1%          2
 Call Canine Familiar     Summ           27%        N/A       4%          3
 Conjure Flame            Conj/Fire      27%        6-21      4%          3
 Dazzling Flash           Conj/Hex       54%        N/A       4%          3
 Gell's Gravitas          Tloc           13%        N/A       4%          3
 Lesser Beckoning         Tloc           13%        N/A       4%          3
 Summon Guardian Golem    Hex/Summ       27%        N/A       4%          3
 Teleport Other           Tloc           27%        N/A       4%          3
 Tukima's Dance           Hex            27%        N/A       4%          3
 Dispel Undead            Necr           27%        3d13      13%         4
 Passage of Golubria      Tloc           N/A        N/A       13%         4
 Summon Ice Beast         Ice/Summ       27%        N/A       13%         4
 Summon Lightning Spire   Summ/Air       27%        N/A       13%         4
 Agony                    Necr           27%        N/A       36%         5
 Excruciating Wounds      Necr           13%        N/A       36%         5
 Lee's Rapid Deconstruct  Erth           13%        3d10*     36%         5
 Lightning Bolt           Conj/Air       13%        1d27      36%         5
 Manifold Assault         Tloc           27%        N/A       36%         5
 Invisibility             Hex            27%        N/A       90%         6


Dungeon Overview and Level Annotations

Branches:
Dungeon (11/15)            Temple (1/1) D:4            Lair (6/6) D:11
 Shoals (0/4) Lair:2       Spider (0/4) Lair:2        Slime (0/5) Lair:6
    Orc (2/2) D:11            Elf (0/3) Orc:2       Volcano (visited)

Altars:
Cheibriados
Dithmenos
Elyvilon
Gozag
Hepliaklqana
Nemelex Xobeh
Okawaru
Qazlal
Sif Muna
Trog
Uskayaw
Wu Jian
Xom
The Shining One

Shops:
D:7 (

Annotations:
D:2 Terence
D:4 2 runed translucent doors, leviel's ghost, amateur MiFi
Lair:1 3 runed translucent doors, Ekyfigub's ghost, journeyman DEFE


Innate Abilities, Weirdness & Mutations

You have very sharp teeth.
Your uncanny sense of smell can sniff out nearby items.
Your experience applies equally to all skills.


Message History

The vampire barely misses you. x2
You blink.
The guardian serpent closely misses you.
The guardian serpent hits you but does no damage.
The neqoxec gestures at you.
You feel dopey. Something feeds on your intellect!
The guardian serpent completely misses you.
A starcursed mass comes into view.
The thrashing horror closely misses you. x2
You rampage towards the neqoxec!
You closely miss the neqoxec. The neqoxec closely misses you.
The thrashing horror completely misses you.
The thrashing horror closely misses you.
The neqoxec misses you.
A starcursed mass splits.
The thrashing horror closely misses you.
The thrashing horror tramples you.
You stumble backwards!
The thrashing horror barely misses you.
The thrashing horror closely misses you.
You are suddenly pulled into a different region of the Abyss!
You feel like a meek peon again.
Magic restored.
A white very ugly thing is nearby!
You gain the combat prowess of a mighty hero.
The white very ugly thing engulfs you!!
The white very ugly thing freezes you!!!
A starcursed mass splits.
The white very ugly thing engulfs you but does no damage.
You slash the white very ugly thing!
Your weapon exudes an aura of protection.
The white very ugly thing is lightly wounded.
The white very ugly thing closely misses you.
You barely miss the white very ugly thing.
The white very ugly thing is lightly wounded.
The white very ugly thing misses you.
You open the white very ugly thing like a pillowcase!!!
The white very ugly thing is severely wounded.
The white very ugly thing engulfs you.
The white very ugly thing freezes you!!!
You die...

#. #. # ## .. #.#.
#. # .#. #...#..
#.#.. ###..#
##..#@# #...u### ##
. #.##.#..###.##
###. ###....#.#.
#...
##...#...#....#.
#.. .............
#......#.#....#..
#...........#....
#.....X.....#.##...


You could see a white very ugly thing.

Vanquished Creatures
  3 dire elephants
  Harold (Lair:2)
  3 hydras
  2 boulder beetles
  A catoblepas (Lair:2)
  5 two-headed ogres
  A hell hog (Volcano)
  A death yak (Lair:6)
  A spectral death yak (Lair:6)
  A spectral anaconda (Lair:6)
  An obsidian statue (Lair:6)
  A lindwurm (Lair:3)
  2 orc knights (Orc:2)
  3 necromancers (Lair:6)
  An orc sorcerer (Orc:1)
  7 starcursed masses (Abyss:1)
  5 oklob plants (Lair:6)
  A cyclops (D:7)
  A worldbinder (Abyss:1)
  A dire elephant zombie (Lair:6)
  23 elephants
  A centaur zombie (D:11)
  2 black mambas (Lair:5)
  A torpor snail (Lair:2)
  Maurice (Orc:1)
  A merfolk siren (Lair:2)
  18 cane toads
  2 kobold demonologists (D:9)
  3 rime drakes
  An unseen horror (D:11)
  8 komodo dragons
  A hellwing (Abyss:1)
  5 trolls
  3 polar bears
  A harpy zombie (Abyss:1)
  A merfolk (Lair:2)
  2 large abominations (Abyss:1)
  6 blink frogs
  3 dream sheep (Lair:2)
  3 spectral elephants (Lair:6)
  A shadow (D:11)
  Sigmund (D:2)
  A wyvern (D:9)
  A tarantella (Lair:2)
  A basilisk (Lair:3)
  2 fire bats (Volcano)
  49 yaks
  2 vampire mosquitoes (D:11)
  A death yak simulacrum (Lair:6)
  A spectral cane toad (Lair:6)
  2 steam dragons
  11 wargs
  2 acid dragons
  3 hell hounds
  11 water moccasins
  15 orc warriors
  4 elephant zombies (Lair:6)
  3 black bears
  6 ogres
  14 wolves
  15 centaurs
  2 elephant skeletons (Lair:6)
  2 phantoms (D:4)
  4 kobold brigands
  Blork the orc (Orc:1)
  2 gnoll sergeants
  13 bullfrogs
  A wyvern zombie (D:8)
  3 scorpions
  2 cane toad simulacra (Lair:6)
  A water moccasin zombie (D:6)
  A water moccasin skeleton (D:4)
  An elephant simulacrum (Lair:6)
  11 killer bees (D:11)
  7 wights
  5 howler monkeys
  3 hounds
  Crazy Yiuf (D:6)
  An iron imp (Abyss:1)
  4 orc priests
  3 jellies
  A gnoll shaman (D:5)
  3 iguanas
  12 orc wizards
  A hound zombie (D:5)
  A howler monkey zombie (D:9)
  Robin (D:2)
  11 gnolls
  5 adders
  3 white imps
  3 ufetubi
  A worm (D:5)
  4 dart slugs
  44 orcs
  7 ball pythons
  8 bats
  5 endoplasms
  2 giant cockroaches (D:1)
  9 goblins
  2 hobgoblins
  2 jackals (D:2)
  24 kobolds
  2 quokkas
  A frilled lizard (D:1)
  5 rats
499 creatures vanquished.

Vanquished Creatures (others)
  17 fungi
  40 plants
  18 withered plants (Lair:6)
75 creatures vanquished.

Grand Total: 574 creatures vanquished

Notes
Turn   | Place    | Note
-------+----------+-------------------------------------------
     0 | D:5      | Reached skill level 9 in Stealth
     0 | D:5      | flotson the Gnoll Delver began the quest for the Orb.
     0 | D:5      | Reached XP level 1. HP: 23/23 MP: 1/1
    71 | D:5      | Reached XP level 2. HP: 29/29 MP: 2/2
    78 | D:5      | Noticed an ogre
   154 | D:5      | Reached skill level 1 in Short Blades
   154 | D:5      | Reached skill level 1 in Long Blades
   154 | D:5      | Reached skill level 1 in Axes
   154 | D:5      | Reached skill level 1 in Maces & Flails
   154 | D:5      | Reached skill level 1 in Staves
   154 | D:5      | Reached skill level 1 in Slings
   154 | D:5      | Reached skill level 1 in Bows
   154 | D:5      | Reached skill level 1 in Crossbows
   154 | D:5      | Reached skill level 1 in Throwing
   154 | D:5      | Reached skill level 1 in Armour
   154 | D:5      | Reached skill level 1 in Shields
   154 | D:5      | Reached skill level 1 in Unarmed Combat
   154 | D:5      | Reached skill level 1 in Spellcasting
   154 | D:5      | Reached skill level 1 in Invocations
   154 | D:5      | Reached skill level 1 in Evocations
   154 | D:5      | Reached XP level 3. HP: 4/35 MP: 2/4
   199 | D:5      | Upgraded the game from 0.27-a0-1188-g73eefd5def to
                  | 0.27-a0-1189-gb8eb6cee8e
   431 | D:4      | Noticed a black bear
   440 | D:4      | Noticed a black bear
   490 | D:4      | Reached XP level 4. HP: 41/41 MP: 5/5
   531 | D:4      | Killed a black bear
   532 | D:4      | Reached skill level 1 in Conjurations
   532 | D:4      | Reached skill level 1 in Hexes
   532 | D:4      | Reached skill level 1 in Summonings
   532 | D:4      | Reached skill level 1 in Necromancy
   532 | D:4      | Reached skill level 1 in Translocations
   532 | D:4      | Reached skill level 1 in Transmutations
   532 | D:4      | Reached skill level 1 in Fire Magic
   532 | D:4      | Reached skill level 1 in Ice Magic
   532 | D:4      | Reached skill level 1 in Air Magic
   532 | D:4      | Reached skill level 1 in Earth Magic
   532 | D:4      | Reached skill level 1 in Poison Magic
   532 | D:4      | Reached XP level 5. HP: 6/47 MP: 5/7
   852 | D:4      | Found a large runed translucent door.
   853 | D:4      | Found a large runed translucent door.
   855 | D:4      | Noticed leviel's ghost (amateur MiFi)
   909 | D:4      | Noticed a phantom
   927 | D:4      | Killed a phantom
   928 | D:4      | Reached XP level 6. HP: 39/53 MP: 8/8
  1405 | D:2      | Reached skill level 5 in Polearms
  1405 | D:2      | Reached skill level 5 in Dodging
  1765 | D:1      | Found a faded altar of an unknown god.
  2183 | D:2      | Noticed Sigmund
  2186 | D:2      | Noticed Terence
  2221 | D:1      | HP: 2/53 [adder (3)]
  2536 | D:2      | Noticed Robin
  2546 | D:2      | Killed Robin
  3703 | D:2      | Killed Sigmund
  3704 | D:2      | Reached XP level 7. HP: 23/60 MP: 10/10
  4074 | D:3      | Found an ornate altar of the Wu Jian Council.
  4843 | D:4      | Found a staircase to the Ecumenical Temple.
  4865 | Temple   | Entered the Ecumenical Temple
  4894 | Temple   | Became a worshipper of Warmaster Okawaru
  4934 | D:4      | Reached skill level 10 in Stealth
  5264 | D:5      | Reached XP level 8. HP: 49/67 MP: 12/12
  5952 | D:5      | Reached * piety under Okawaru
  6254 | D:6      | Found a shimmering altar of Xom.
  6775 | D:6      | Reached XP level 9. HP: 70/73 MP: 14/14
  6788 | D:6      | Noticed a troll
  6806 | D:6      | Killed a troll
  6906 | D:6      | Reached ** piety under Okawaru
  6996 | D:6      | Identified the +4 ring mail "Bapuots" {rPois Will- rCorr
                  | Str+2 Stlth+}
  7221 | D:6      | Learned a level 2 spell: Ensorcelled Hibernation
  7303 | D:6      | Found a runed translucent door.
  7304 | D:6      | Noticed Crazy Yiuf
  7311 | D:6      | Killed Crazy Yiuf
  7955 | D:7      | Found Cibbotit's Weapon Shop.
  7960 | D:7      | Noticed a cyclops
  7966 | D:7      | Killed a cyclops
  8187 | D:7      | Reached skill level 5 in Invocations
  8927 | D:8      | Found a shimmering blue altar of Sif Muna.
  8938 | D:8      | Noticed a two-headed ogre
  8952 | D:8      | Killed a two-headed ogre
  8952 | D:8      | Reached *** piety under Okawaru
  8953 | D:8      | Reached skill level 5 in Short Blades
  8953 | D:8      | Reached skill level 5 in Long Blades
  8953 | D:8      | Reached skill level 5 in Axes
  8953 | D:8      | Reached skill level 5 in Maces & Flails
  8953 | D:8      | Reached skill level 5 in Staves
  8953 | D:8      | Reached skill level 5 in Slings
  8953 | D:8      | Reached skill level 5 in Bows
  8953 | D:8      | Reached skill level 5 in Crossbows
  8953 | D:8      | Reached skill level 5 in Throwing
  8953 | D:8      | Reached skill level 5 in Armour
  8953 | D:8      | Reached skill level 5 in Shields
  8953 | D:8      | Reached skill level 5 in Unarmed Combat
  8953 | D:8      | Reached skill level 5 in Spellcasting
  8953 | D:8      | Reached skill level 5 in Evocations
  8953 | D:8      | Reached XP level 10. HP: 65/81 MP: 17/17
  9459 | D:8      | Reached **** piety under Okawaru
 10065 | D:9      | Found a transporter.
 10084 | D:9      | Noticed a two-headed ogre
 10093 | D:9      | Killed a two-headed ogre
 10094 | D:9      | Reached skill level 11 in Stealth
 10108 | D:9      | Found a transporter.
 10108 | D:9      | Noticed a boulder beetle
 10129 | D:9      | Killed a boulder beetle
 10368 | D:9      | Reached ***** piety under Okawaru
 10369 | D:9      | Reached XP level 11. HP: 83/87 MP: 19/19
 10465 | D:9      | Found a stormy altar of Qazlal.
 10538 | D:9      | Received a gift from Okawaru
 10641 | D:9      | Found a snail-covered altar of Cheibriados.
 10977 | D:9      | Reached skill level 5 in Conjurations
 10977 | D:9      | Reached skill level 5 in Hexes
 10977 | D:9      | Reached skill level 5 in Summonings
 10977 | D:9      | Reached skill level 5 in Necromancy
 10977 | D:9      | Reached skill level 5 in Translocations
 10977 | D:9      | Reached skill level 5 in Transmutations
 10977 | D:9      | Reached skill level 5 in Fire Magic
 10977 | D:9      | Reached skill level 5 in Ice Magic
 10977 | D:9      | Reached skill level 5 in Air Magic
 10977 | D:9      | Reached skill level 5 in Earth Magic
 10977 | D:9      | Reached skill level 5 in Poison Magic
 10998 | D:9      | Received a gift from Okawaru
 11478 | D:10     | Entered Level 10 of the Dungeon
 11520 | D:10     | Noticed a two-headed ogre
 11531 | D:10     | Killed a two-headed ogre
 11793 | D:10     | Found a white marble altar of Elyvilon.
 11797 | D:10     | Identified the +6 battleaxe "Meger" {protect, rPois Int+5
                  | Dex+2 SInv}
 12452 | D:11     | Learned a level 3 spell: Mephitic Cloud
 12457 | D:11     | Learned a level 4 spell: Airstrike
 12461 | D:11     | Learned a level 3 spell: Confusing Touch
 12464 | D:11     | Learned a level 2 spell: Blink
 12468 | D:11     | Learned a level 3 spell: Swiftness
 12514 | D:11     | Identified the +4 ring mail "Juyvauha" {rF- Str+3 Int+4}
 12667 | D:11     | Found a staircase to the Lair.
 12953 | D:11     | Found a hide-covered altar of Uskayaw.
 13156 | D:11     | Found a staircase to the Orcish Mines.
 13531 | Lair:1   | Entered Level 1 of the Lair of Beasts
 13571 | Lair:1   | Received a gift from Okawaru
 13582 | Lair:1   | Reached XP level 12. HP: 72/96 MP: 22/22
 13582 | Lair:1   | Identified the +7 quarterstaff of Jailir {vorpal, rF+++
                  | Will- Str-3 Stlth+} (Okawaru gifted it to you on level 1 of
                  | the Lair of Beasts)
 13582 | Lair:1   | Received a gift from Okawaru
 13802 | Lair:1   | Learned a level 1 spell: Summon Small Mammal
 14106 | Lair:1   | Found a runed translucent gate.
 14106 | Lair:1   | Found a runed translucent gate.
 14107 | Lair:1   | Found a runed translucent gate.
 14109 | Lair:1   | Noticed Ekyfigub's ghost (journeyman DEFE)
 14955 | Lair:2   | Found a hole to the Spider Nest.
 15037 | Lair:2   | Noticed a catoblepas
 15062 | Lair:2   | Killed a catoblepas
 15087 | Lair:2   | Received a gift from Okawaru
 15375 | Lair:2   | Noticed a five-headed hydra
 15385 | Lair:2   | Killed a five-headed hydra
 15386 | Lair:2   | Reached skill level 10 in Fighting
 15515 | Lair:2   | Noticed Harold
 15720 | Lair:2   | Killed Harold
 15721 | Lair:2   | Reached skill level 12 in Stealth
 15979 | Lair:2   | Found a staircase to the Shoals.
 16095 | Lair:2   | Reached XP level 13. HP: 75/103 MP: 15/24
 16100 | Lair:2   | Received a gift from Okawaru
 16100 | Lair:2   | Reached ****** piety under Okawaru
 16522 | Lair:2   | Received a gift from Okawaru
 17571 | Lair:4   | Found a dark tunnel.
 17584 | Volcano  | Entered a volcano
 19546 | Lair:5   | Received a gift from Okawaru
 19547 | Lair:5   | Reached XP level 14. HP: 90/111 MP: 22/26
 19929 | Lair:6   | Entered Level 6 of the Lair of Beasts
 19937 | Lair:6   | Reached skill level 10 in Polearms
 19937 | Lair:6   | Reached skill level 10 in Dodging
 20490 | Lair:6   | Noticed a dire elephant
 20495 | Lair:6   | Noticed a dire elephant
 20534 | Lair:6   | Noticed a dire elephant
 20547 | Lair:6   | Killed a dire elephant
 20709 | Lair:6   | Reached skill level 10 in Invocations
 21453 | Lair:6   | Found a staircase to the Slime Pits.
 21812 | Lair:6   | Killed a dire elephant
 22727 | Lair:5   | Killed a dire elephant
 22728 | Lair:5   | Reached skill level 13 in Stealth
 23176 | Lair:6   | Received a gift from Okawaru
 23225 | Lair:6   | Identified the +6 chain mail "Rayfafio" {+Blink Str+5}
 23675 | Orc:1    | Entered Level 1 of the Orcish Mines
 23700 | Orc:1    | Noticed Maurice
 23718 | Orc:1    | Killed Maurice
 23973 | Orc:1    | Noticed Blork the orc
 23977 | Orc:1    | Killed Blork the orc
 24258 | Orc:2    | Entered Level 2 of the Orcish Mines
 24581 | Orc:2    | Found a staircase to the Elven Halls.
 24621 | Orc:2    | Reached XP level 15. HP: 96/119 MP: 23/28
 25008 | Orc:2    | Cast into level 1 of the Abyss (orc warrior)
 25008 | Abyss:1  | Found a corrupted altar of Lugonu.
 25184 | Abyss:1  | Noticed a balrug
 25203 | Abyss:1  | HP: 3/119 [balrug/fireball (10)]
 25477 | Abyss:1  | Noticed a tentacled starspawn
 25603 | Abyss:1  | Slain by a white very ugly thing

Illustrated notes

Levels and vault maps discovered:
D:1:      dpeg_arrival_rhombi, layout_loops_ring,
          chequers_ecumenical_altar_twisty
D:2:      layout_loops_ring, uniq_sigmund, uniq_terence, uniq_robin
D:3:      layout_loops_ring, pdpol_wu_jian_five_deadly_venoms,
          minmay_misc_feat_rugged
D:4:      layout_cave_pools, temple_pool_b, ebering_ghost_disaster_area
D:5:      minmay_evil_eye, layout_cave_pools, minmay_misc_feat_four_crosses
D:6:      layout_layer_cave, amcnicky_altar_gilded, kennysheep_generic_room_6,
          uniq_crazy_yiuf_cottage
D:7:      layout_gridville, serial_shops, shop_statue
D:8:      layout_basic, led_sif_pool
D:9:      gammafunk_boulding_lane, layout_irregular_city, kennysheep_mini_moat,
          nicolae_qazlal_general_emergency, centaur_isle
D:10:     layout_gridville, lemuel_doored_altar
D:11:     layout_basic, david_lair_shrubbed, david_orc_3, serial_bayou_pond_b,
          eat_drink_and_be_merry_uskayaw
Temple:   regret_index_temple_sphere_string
Lair:1:   layout_layer_cave, gammafunk_ghost_split, serial_bayou_crossing,
          grunt_megastairs_2, lemuel_fruit_tree
Lair:2:   layout_chaotic_city, elwin_shoals_entry_rooms,
          spider_nest_entry_rubble, grunt_megastairs_3, uniq_harold
Lair:3:   layout_gridlike
Lair:4:   layout_hall_layers, enter_volcano_3
Lair:5:   layout_hall_layers, grunt_megastairs_4
Lair:6:   due_jungle_book, layout_loops_ring, minmay_slime_entry_oklob_enclosed,
          serial_bayou_shore_a
Orc:1:    layout_caves, sword_in_stone, uniq_maurice
Orc:2:    st_orc_town, layout_caves
Abyss:1:  base: Lair:3, hangedman_steaming_rock

Skill      XL: |  1  2  3  4  5  6  7  8  9 10 11 12 13 14 |
---------------+-------------------------------------------+-----
Stealth        | 10 11 12 13 | 13.1
Short Blades   | 1 2 3 5 6 7 8 9 |  9.8
Long Blades    | 1 2 3 5 6 7 8 9 |  9.8
Axes           | 1 2 3 5 6 7 8 9 |  9.8
Maces & Flails | 1 2 3 5 6 7 8 9 |  9.8
Staves         | 1 2 3 5 6 7 8 9 |  9.8
Slings         | 1 2 3 5 6 7 8 9 |  9.8
Bows           | 1 2 3 5 6 7 8 9 |  9.8
Crossbows      | 1 2 3 5 6 7 8 9 |  9.8
Throwing       | 1 2 3 5 6 7 8 9 |  9.8
Armour         | 1 2 3 5 6 7 8 9 |  9.8
Shields        | 1 2 3 5 6 7 8 9 |  9.8
Unarmed Combat | 1 2 3 5 6 7 8 9 |  9.8
Spellcasting   | 1 2 3 5 6 7 8 9 |  9.8
Invocations    | 1 2 3 4 5 6 7 8 9 10 | 10.6
Evocations     | 1 2 3 5 6 7 8 9 |  9.8
Conjurations   | 1 2 3 4 5 6 7 8 |  8.2
Hexes          | 1 2 3 4 5 6 7 8 |  8.2
Summonings     | 1 2 3 4 5 6 7 8 |  8.2
Necromancy     | 1 2 3 4 5 6 7 8 |  8.2
Translocations | 1 2 3 4 5 6 7 8 |  8.2
Transmutations | 1 2 3 4 5 6 7 8 |  8.2
Fire Magic     | 1 2 3 4 5 6 7 8 |  8.2
Ice Magic      | 1 2 3 4 5 6 7 8 |  8.2
Air Magic      | 1 2 3 4 5 6 7 8 |  8.2
Earth Magic    | 1 2 3 4 5 6 7 8 |  8.2
Poison Magic   | 1 2 3 4 5 6 7 8 |  8.2
Polearms       | 5 6 7 8 9 10 | 10.7
Dodging        | 5 6 7 8 9 10 | 10.7
Fighting       | 7 8 9 10 11 | 11.6

Action                   |  1- 3 |  4- 6 |  7- 9 | 10-12 | 13-15 || total
-------------------------+-------+-------+-------+-------+-------++-------
Melee: Spear             |     7 |       |       |       |       ||     7
       Bite              |     3 |    19 |    22 |    58 |   112 ||   214
       Short sword       |    31 |   222 |     6 |       |       ||   259
       War axe           |       |       |    57 |       |       ||    57
       Great sword       |       |       |   114 |   131 |       ||   245
       Battleaxe         |       |       |       |   236 |   602 ||   838
 Fire: Hunting sling     |       |     5 |    23 |    25 |       ||    53
       Shortbow          |       |       |       |    18 |   195 ||   213
Throw: Dart              |       |    10 |    18 |    14 |     2 ||    44
Invok: Heroism           |       |       |       |    14 |    45 ||    59
 Abil: Evoke Blink       |       |       |       |       |     4 ||     4
Evoke: Wand              |       |       |       |       |     1 ||     1
  Use: Potion            |     1 |     3 |       |     2 |     5 ||    11
       Scroll            |       |       |     5 |     5 |    11 ||    21
 Stab: Sleeping          |     3 |    12 |    11 |    16 |    24 ||    66
       Distracted        |       |       |     1 |     1 |     1 ||     3
Armor: Leather armour    |     1 |    93 |       |       |       ||    94
       Ring mail         |       |       |   109 |   260 |    17 ||   386
       Scale mail        |       |       |       |       |   348 ||   348
       Chain mail        |       |       |       |       |    97 ||    97
Dodge: Dodged            |    23 |   182 |   155 |   443 |   721 ||  1524
       Rpst.: Great sword |       |       |    27 |    33 |       ||    60

Table legend: (Time is in decaauts)
 A = Elapsed time spent in this place.
 B = Non-inter-level travel time spent in this place.
 C = Inter-level travel time spent in this place.
 D = Time resting spent in this place.
 E = Time spent auto-exploring this place.
 F = Levels seen in this place.
 G = Mean time per level.
                   A        B        C        D        E       F      G
               +--------+--------+--------+--------+--------+-----+--------+
         Total |  25800 |  24749 |   1051 |   2676 |  17611 |  22 | 1172.7 |
       Dungeon |  13651 |  13141 |    510 |   1569 |   9247 |  11 | 1241.0 |
        Temple |     55 |     29 |     26 |      0 |     21 |   1 |   55.0 |
          Lair |   9926 |   9426 |    500 |    926 |   7045 |   6 | 1654.3 |
  Orcish Mines |   1298 |   1284 |     14 |      0 |   1007 |   2 |  649.0 |
         Abyss |    595 |    595 |      0 |    105 |    261 |   1 |  595.0 |
       Volcano |    273 |    273 |      0 |     76 |     29 |   1 |  273.0 |
               +--------+--------+--------+--------+--------+-----+--------+

Top non-repeatable levels by time:
  Lair:6: 2473 daAuts
  Lair:5: 2287 daAuts
  Lair:2: 1866 daAuts
     D:9: 1639 daAuts
     D:4: 1455 daAuts
     D:1: 1454 daAuts
  Lair:1: 1452 daAuts
     D:6: 1420 daAuts
    D:11: 1308 daAuts
     D:5: 1293 daAuts
     D:8: 1157 daAuts
     D:2: 1141 daAuts
     D:3: 1062 daAuts
  Lair:4: 1025 daAuts
     D:7: 908 daAuts
